 Dungeon Crawl Stone Soup version 0.23-a0-451-g1044d4c (webtiles) character file.

5612 aurelian the Slicer (level 11, -3/78 HPs)
             Began as a Halfling Monk on Nov 22, 2018.
             Was a High Priest of Ru.
             Slain by a komodo dragon (29 damage)
             ... on level 9 of the Dungeon.
             The game lasted 00:41:52 (16955 turns).

aurelian the Slicer (Halfling Monk)                Turns: 16955, Time: 00:41:52

Health: -3/78      AC:  9    Str: 15    XL:     11   Next: 3%
Magic:  20/20      EV: 15    Int:  8    God:    Ru [*****.]
Gold:   909        SH:  7    Dex: 18    Spells: 10/10 levels left

rFire    . . .     SeeInvis .   g - +3 dagger (speed)
rCold    . . .     Gourm    .   f - +0 buckler
rNeg     . . .     Faith    .   l - +0 scale mail
rPois    .         Spirit   .   (no helmet)
rElec    .         Reflect  .   C - scarf {rC+ rF+}
rCorr    .         Harm     .   (no gloves)
MR       .....                  D - +0 pair of boots
Stlth    +.........             (no amulet)
HPRegen  0.23/turn              w - ring of magical power
MPRegen  0.17/turn              (no ring)

@: no status effects
A: small, mutation resistance 1, hated by all, disrupted magic 1, missing an
eye, temperature sensitive
a: Draw Out Power, Power Leap, Apocalypse, Renounce Religion


You were on level 9 of the Dungeon.
You worshipped Ru.
Ru was extremely pleased with you.
You were very hungry.

You visited 1 branch of the dungeon, and saw 11 of its levels.

You collected 909 gold pieces.

Inventory:

Hand Weapons
 a - a +0 short sword
 g - a +3 dagger of speed (weapon)
   (You found it on level 1 of the Dungeon)
 k - a +1 falchion of freezing
   (You took it off an orc on level 5 of the Dungeon)
 m - a +0 rapier
   (You found it on level 5 of the Dungeon)
 q - a +0 short sword of freezing
   (You found it on level 4 of the Dungeon)
Missiles
 c - 291 stones (quivered)
 i - 5 javelins of returning
 H - 66 sling bullets
Armour
 b - a +0 robe
 f - a +0 buckler (worn)
   (You found it on level 4 of the Dungeon)
 l - a +0 scale mail (worn)
   (You found it on level 1 of the Dungeon)
 p - a +0 cloak
   (You found it on level 4 of the Dungeon)
 y - a +0 chain mail
   (You found it on level 3 of the Dungeon)
 C - a scarf of resistance (worn)
   (You found it on level 7 of the Dungeon)
 D - a +0 pair of boots (worn)
   (You found it on level 9 of the Dungeon)
 E - a +0 shield
   (You found it on level 9 of the Dungeon)
Jewellery
 w - a ring of magical power (left hand)
   (You found it on level 7 of the Dungeon)
Wands
 d - a wand of iceblast (1)
   (You found it on level 7 of the Dungeon)
 t - a wand of flame (2)
   (You took it off Duvessa on level 4 of the Dungeon)
Scrolls
 h - 4 scrolls of remove curse {@r2}
 j - 3 scrolls of identify {@r1}
 u - 3 scrolls of fog
 x - a scroll of brand weapon
 z - a scroll of magic mapping
 B - a scroll of blinking
 G - a scroll of fear
Potions
 n - 2 potions of ambrosia
 o - a potion of invisibility
 r - a potion of heal wounds {@q2}
 s - a potion of curing {@q1}
 v - a potion of flight
 A - a potion of mutation {!q}
 I - a potion of magic
Comestibles
 e - 18 rations {!d}


   Skills:
 + Level 8.8 Fighting
 - Level 10.0 Short Blades
 + Level 6.7 Armour
 + Level 5.9 Dodging
 - Level 2.1 Stealth
 + Level 7.2 Shields


You had 10 spell levels left.
You didn't know any spells.
Your spell library contained the following spells:

 Spells                   Type           Power        Failure   Level  Hunger
 Magic Dart               Conj           #...         87%         1    ##.....
 Shock                    Conj/Air       #...         87%         1    ##.....
 Blink                    Tloc           N/A          95%         2    ###....
 Slow                     Hex            #.......     95%         2    ###....
 Swiftness                Chrm/Air       #.......     95%         2    ###....
 Conjure Flame            Conj/Fire      #.......     99%         3    ####...
 Mephitic Cloud           Conj/Pois/Air  #.......     99%         3    ####...
 Static Discharge         Conj/Air       #.......     99%         3    ####...
 Airstrike                Air            #.........   100%        4    #####..
 Cause Fear               Hex            #.........   100%        4    #####..
 Lightning Bolt           Conj/Air       #.........   100%        5    ######.
 Silence                  Hex/Air        #.........   100%        5    ######.
 Yara's Violent Unravell  Hex/Tmut       #.........   100%        5    ######.
 Deflect Missiles         Chrm/Air       #.........   100%        6    #######
 Discord                  Hex            #.........   100%        8    #######
 Call Imp                 Summ           Unusable     N/A         2    N/A

Dungeon Overview and Level Annotations

Branches:
Dungeon (11/15)            Temple (0/1) D:4
   Lair: D:8-11         Orc: D:9-12

Altars:
Cheibriados
Gozag
Makhleb
Nemelex Xobeh
Okawaru
Qazlal
Ru
Sif Muna
Trog
Wu Jian
Zin

Annotations:
D:6 Edmund
D:9 exclusion: upstairs
D:10 exclusion: oklob plant


Innate Abilities, Weirdness & Mutations

You are small and have problems with some larger weapons.
You are somewhat resistant to further mutation.
You are hated by all.
Your casting is slightly disrupted.
You are missing an eye, making it more difficult to aim.
You are sensitive to extremes of temperature. (rF-, rC-)


Message History

You hit the komodo dragon but do no damage.
The komodo dragon completely misses you.
You hit the komodo dragon but do no damage.
You hit the komodo dragon but do no damage.
You hit the komodo dragon. The komodo dragon bites you!
You hit the komodo dragon but do no damage.
You puncture the komodo dragon! You hit the komodo dragon.
The komodo dragon misses you.
You hit the komodo dragon but do no damage.
You hit the komodo dragon but do no damage.
You hit the komodo dragon but do no damage.
The komodo dragon bites you.
You hit the komodo dragon but do no damage.
You hit the komodo dragon but do no damage.
You hit the komodo dragon. The komodo dragon bites you!
* * * LOW HITPOINT WARNING * * *
You barely miss the komodo dragon.
Unknown command.
You hit the komodo dragon but do no damage.
Unknown command.
You hit the komodo dragon but do no damage.
You block the komodo dragon's attack.
Unknown command.
You hit the komodo dragon.
Unknown command.
You hit the komodo dragon but do no damage.
Unknown command.
You hit the komodo dragon but do no damage.
You block the komodo dragon's attack.
Unknown command.
You hit the komodo dragon but do no damage.
Unknown command.
You completely miss the komodo dragon.
The komodo dragon stops glowing.
Unknown command.
You hit the komodo dragon. The komodo dragon bites you!
* * * LOW HITPOINT WARNING * * *
You hit the komodo dragon but do no damage.
Unknown command.
You hit the komodo dragon but do no damage.
Unknown command.
You completely miss the komodo dragon. The komodo dragon closely misses you.
Unknown command.
You hit the komodo dragon but do no damage.
Unknown command.
You closely miss the komodo dragon.
Unknown command.
You closely miss the komodo dragon.
You are feeling very hungry.
The komodo dragon bites you!!
You die...

..## #..# #.......#### ###
#..#### #....####
#.....###.....###
#......##.......##
##.......#........##
##............###...######
#.............# ##....##.[
##.............## ##......>
##.........@.....## #.......
##.........l..##...###.......
##.............###............
##....[........## #............
###..............# ##...........
#................# ##..........
............)....#####...........
...................#.............
......"..................########


You could see a komodo dragon.

Vanquished Creatures
  An unseen horror (D:10)
  A centaur skeleton (D:10)
  A hippogriff (D:8)
  Sigmund (D:2)
  A hungry ghost (D:8)
  A spriggan (D:7)
  Menkaure (D:6)
  Duvessa (D:4)
  A black bear (D:4)
  3 ice beasts
  A sky beast (D:9)
  A necrophage (D:10)
  4 phantoms
  5 ogres
  A centaur (D:6)
  Blork the orc (D:5)
  4 bullfrogs
  A water moccasin zombie (D:6)
  2 scorpions
  2 wyvern skeletons
  Dowan (D:5)
  6 killer bees
  3 howler monkeys
  2 wights (D:9)
  An electric eel (D:7)
  3 crimson imps
  2 centaur zombies
  A bullfrog zombie (D:4)
  2 quasits (D:9)
  6 hounds
  2 orc priests
  2 jellies (D:9)
  Terence (D:2)
  An iguana (D:7)
  5 orc wizards
  8 worker ants
  Ijyb (D:3)
  2 hound zombies
  A hound skeleton (D:8)
  3 howler monkey skeletons
  3 gnolls (D:10)
  9 adders
  2 shadow imps
  An adder zombie (D:6)
  2 adder skeletons (D:4)
  4 worms
  2 dart slugs
  5 leopard geckos
  24 orcs
  2 ball pythons
  10 giant cockroaches
  13 goblins
  11 hobgoblins
  24 jackals
  3 kobolds
  6 quokkas
  10 bats
  10 frilled lizards
  13 rats
241 creatures vanquished.

Vanquished Creatures (others)
  A troll (D:10)
  7 bushes (D:8)
8 creatures vanquished.

Grand Total: 249 creatures vanquished

Notes
Turn   | Place    | Note
-------+----------+-------------------------------------------
     0 | D:1      | aurelian the Halfling Monk began the quest for the Orb.
     0 | D:1      | Reached XP level 1. HP: 15/15 MP: 1/1
   233 | D:1      | Reached XP level 2. HP: 20/20 MP: 2/2
   237 | D:1      | Reached skill level 4 in Short Blades
   611 | D:1      | Reached XP level 3. HP: 22/25 MP: 3/3
  1314 | D:2      | Reached XP level 4. HP: 21/31 MP: 4/4
  1438 | D:2      | Noticed Terence
  1797 | D:2      | Reached skill level 1 in Armour
  1840 | D:2      | Reached skill level 5 in Short Blades
  1986 | D:2      | Noticed Sigmund
  2026 | D:2      | Reached XP level 5. HP: 30/36 MP: 5/5
  2334 | D:3      | Noticed Ijyb
  2351 | D:3      | Paralysed by Ijyb for 3 turns
  2366 | D:3      | Paralysed by Ijyb for 7 turns
  2383 | D:3      | Killed Ijyb
  3451 | D:3      | Reached XP level 6. HP: 21/42 MP: 6/6
  3916 | D:4      | Found a sacrificial altar of Ru.
  3956 | D:4      | Became a worshipper of Ru the Awakened
  3968 | D:4      | Noticed an ogre
  3977 | D:3      | Gained mutation: You are missing an eye, making it more
                  | difficult to aim. [Ru sacrifice]
  4109 | D:4      | Reached skill level 6 in Short Blades
  4667 | D:4      | Reached skill level 1 in Shields
  4682 | D:4      | Noticed a phantom
  4921 | D:4      | Found an ornate altar of the Wu Jian Council.
  4940 | D:4      | Found a bloodstained altar of Trog.
  5039 | D:4      | Noticed a black bear
  5040 | D:4      | Found a staircase to the Ecumenical Temple.
  5048 | D:4      | Killed a black bear
  5048 | D:4      | Reached XP level 7. HP: 33/48 MP: 7/7
  5231 | D:4      | Reached skill level 7 in Short Blades
  5250 | D:5      | Entered Level 5 of the Dungeon
  5250 | D:5      | Noticed Blork the orc
  5327 | D:5      | Killed Blork the orc
  5417 | D:5      | Reached XP level 8. HP: 37/54 MP: 8/8
  6092 | D:5      | Noticed Dowan
  6286 | D:5      | Killed Dowan
  6286 | D:5      | Reached skill level 8 in Short Blades
  6340 | D:5      | Noticed Duvessa
  6392 | D:4      | Killed Duvessa
  6571 | D:5      | Found a deep blue altar of Sif Muna.
  7398 | D:7      | Gained mutation: Your casting is slightly disrupted. [Ru
                  | sacrifice]
  7398 | D:7      | Reached * piety under Ru
  7575 | D:6      | Reached skill level 5 in Fighting
  7706 | D:6      | Reached XP level 9. HP: 40/61 MP: 9/9
  7868 | D:6      | Noticed Menkaure
  7893 | D:6      | Reached skill level 9 in Short Blades
  8181 | D:6      | Killed Menkaure
  8181 | D:6      | Reached skill level 5 in Armour
  8425 | D:6      | Noticed Edmund
  9860 | D:8      | Reached skill level 10 in Short Blades
 10050 | D:8      | Reached skill level 5 in Shields
 10288 | D:8      | Noticed a six-headed hydra
 10292 | D:8      | Noticed a two-headed ogre
 10519 | D:10     | Entered Level 10 of the Dungeon
 10883 | D:10     | Gained mutation: You are hated by all. [Ru sacrifice]
 10883 | D:10     | Reached ** piety under Ru
 10883 | D:10     | Reached *** piety under Ru
 11158 | D:10     | Found a burning altar of Makhleb.
 11159 | D:10     | Noticed an oklob plant
 11449 | D:9      | Found an opulent altar of Gozag.
 11523 | D:9      | Reached XP level 10. HP: 60/71 MP: 10/10
 11887 | D:9      | Found a glowing silver altar of Zin.
 11887 | D:9      | Found a snail-covered altar of Cheibriados.
 11888 | D:9      | Found a burning altar of Makhleb.
 11888 | D:9      | Found a sparkling altar of Nemelex Xobeh.
 11891 | D:9      | Found a stormy altar of Qazlal.
 13169 | D:8      | Found an iron altar of Okawaru.
 14232 | D:2      | Gained mutation: You are sensitive to extremes of
                  | temperature. (rF-, rC-) [Ru sacrifice]
 14232 | D:2      | Reached **** piety under Ru
 14232 | D:2      | Reached ***** piety under Ru
 14386 | D:2      | Killed Sigmund
 14386 | D:2      | Reached skill level 5 in Dodging
 14536 | D:2      | Killed Terence
 16138 | D:10     | Noticed an unseen horror
 16144 | D:10     | Killed an unseen horror
 16433 | D:10     | Reached XP level 11. HP: 72/78 MP: 11/11
 16955 | D:9      | Slain by a komodo dragon

Vault maps used:
D:1:      dpeg_arrival_simpleton_a
D:2:      uniq_sigmund, uniq_terence
D:3:      uniq_ijyb
D:4:      lightli_temple_of_fire, kennysheep_mini, nicolae_ru_path_of_blood,
          temple_hall
D:5:      led_sif_pool, first_ration, minmay_misc_feat_square,
          uniq_blork_the_orc, uniq_duvessa
D:6:      uniq_menkaure, uniq_edmund
D:7:      serial_bayou_lagoon_a, the_bakery, dk_noncrumbling_3
D:8:      minmay_klotski, kennysheep_little_box
D:9:      minitemple
D:10:     serial_shops, nicolae_shop_statue_plus, enter_bailey_3,
          lemuel_oklob_altar
D:11:     erik_lair_dragon, zombieorc1_lemuel, gammafunk_ghost_split,
          minmay_between

Skill      XL: |  1  2  3  4  5  6  7  8  9 10 |
---------------+-------------------------------+-----
Short Blades   | 4 5 6 7 8 10 | 10.0
Fighting       | 3 4 5 7 8 |  8.8
Armour         | 1 2 3 4 5 6 |  6.7
Dodging        | 4 5 |  5.9
Shields        | 1 2 3 5 7 |  7.2
Stealth        | |  2.1

Action                   |  1- 3 |  4- 6 |  7- 9 | 10-12 || total
-------------------------+-------+-------+-------+-------++-------
Melee: Short sword       |   126 |   228 |       |       ||   354
       Dagger            |       |   264 |   780 |   742 ||  1786
       Falchion          |       |       |    31 |       ||    31
       Rapier            |       |       |    54 |       ||    54
Throw: Stone             |       |    29 |     7 |     2 ||    38
Invok: Sacrifice an Eye  |       |     1 |       |       ||     1
       Sacrifice Essence |       |       |     1 |       ||     1
       Sacrifice Love    |       |       |     1 |       ||     1
       Power Leap        |       |       |       |     1 ||     1
       Sacrifice Resista |       |       |       |     1 ||     1
Evoke: Wand              |       |     1 |    25 |     1 ||    27
  Use: Potion            |       |     5 |     1 |     3 ||     9
       Scroll            |       |     9 |     9 |     7 ||    25
 Stab: Sleeping          |     2 |       |       |       ||     2
       Invisible         |       |       |       |     4 ||     4
       Distracted        |       |       |       |     3 ||     3
       Paralysed         |       |       |       |     1 ||     1
  Eat: Chunk             |     1 |    12 |    13 |    11 ||    37
       Ration            |       |       |     2 |     3 ||     5
Armor: Robe              |    12 |       |       |       ||    12
       Scale mail        |    12 |   106 |    96 |    92 ||   306
       Skin              |       |    29 |       |     4 ||    33
Dodge: Dodged            |   101 |   218 |   225 |   209 ||   753
Block: Buckler           |       |    21 |   107 |   118 ||   246
       Rpst.: Falchion   |       |       |     4 |       ||     4

Table legend:
 A = Non-vault XP
 B = Vault XP
 C = Vault XP percentage of total XP
 D = Non-vault monster count
 E = Vault monster count
 F = Vault count percentage of total count
                 A         B        C        D         E       F
            +---------+---------+-------+---------+---------+-------
      Total |    7089 |     929 |  11.6 |     230 |      12 |   5.0
            +---------+---------+-------+---------+---------+-------
        D:1 |      94 |       0 |   0.0 |      35 |       0 |   0.0
        D:2 |     114 |     219 |  65.8 |      39 |       2 |   4.9
        D:3 |     129 |      32 |  19.9 |      24 |       1 |   4.0
        D:4 |     680 |     142 |  17.3 |      24 |       1 |   4.0
        D:5 |     275 |     160 |  36.8 |      16 |       2 |  11.1
        D:6 |     658 |     172 |  20.7 |      14 |       1 |   6.7
        D:7 |     370 |     196 |  34.6 |      11 |       1 |   8.3
        D:8 |    1103 |       0 |   0.0 |      26 |       0 |   0.0
        D:9 |     951 |       0 |   0.0 |      18 |       0 |   0.0
       D:10 |    2715 |       8 |   0.3 |      23 |       4 |  14.8
            +---------+---------+-------+---------+---------+-------
